 Dungeon Crawl Stone Soup version 0.31.0-9-g3a7656b989 (webtiles) character file.

Game seed: 8649531645784817356

3925 qw the Nimble (level 10, -1/49 HPs)
             Began as a Spriggan Hunter on Feb 2, 2024.
             Was a Believer of Okawaru.
             Slain by a gnoll
             ... wielding a +0 spear
             ... led by a gnoll sergeant
              (6 damage)
             ... on level 8 of the Dungeon.
             The game lasted 00:00:37 (5898 turns).

qw the Nimble (Spriggan Hunter)                     Turns: 5898, Time: 00:00:38

Health: -1/49      AC:  2    Str: 13    XL:     10   Next: 1%
Magic:  2/14       EV: 28    Int: 10    God:    Okawaru [**....]
Gold:   464        SH:  0    Dex: 24    Spells: 9/9 levels left

rFire   . . .        j - +0 arbalest
rCold   + . .        (shield currently unavailable)
rNeg    . . .        c - +0 robe
rPois   .            (helmet restricted)
rElec   .            (no cloak)
rCorr   .            (gloves unavailable)
SInv    +            (boots unavailable)
Will    +....        (no amulet)
Stlth   ++           e - ring of protection from cold
HPRegen 0.28/turn    i - +6 ring of strength
MPRegen 0.14/turn

%: no passive effects
@: very quick
A: very small, no large weapons, unfitting armour, see invisible, speed 3
a: Renounce Religion, Heroism


You were on level 8 of the Dungeon.
You worshipped Okawaru.
Okawaru was pleased with you.
You visited 2 branches of the dungeon, and saw 9 of its levels.

You collected 464 gold pieces.


Innate Abilities, Weirdness & Mutations

You are very small and have problems with some larger weapons.
You are too small for most types of armour.
You have supernaturally acute eyesight. (SInv)
You cover ground extremely quickly. (Speed+++)


   Skills:
 - Level 4.0 Fighting
 + Level 10.8 Ranged Weapons
 - Level 11.0 Dodging
 - Level 1.5 Stealth
 - Level 4.3 Invocations


You had 9 spell levels left.
You didn't know any spells.
Your spell library was empty.

Inventory:

Hand Weapons
 j - a +0 arbalest (weapon)
Armour
 c - a +0 robe (worn)
Jewellery
 e - a ring of protection from cold (left hand)
 g - a ring of fire
 i - a +6 ring of strength (right hand)
Wands
 f - a wand of polymorph (8)
 m - a wand of paralysis (18)
Scrolls
 d - a scroll of noise {unknown}
Potions
 a - a potion of magic {unknown}
 b - a potion of curing
 h - 2 potions of mutation
 k - a potion of berserk rage {unknown}
 l - a potion of cancellation {unknown}
 n - a potion of lignification {unknown}

Dungeon Overview and Level Annotations

Branches:
Dungeon (8/15)             Temple (1/1) D:5
   Lair: D:8-11

Altars:
Ashenzari
Cheibriados
Dithmenos
Elyvilon
Fedhas
Gozag
Hepliaklqana
Kikubaaqudgha
Makhleb
Nemelex Xobeh
Okawaru
Qazlal
Ru
Sif Muna
Trog
Uskayaw
Vehumet
Wu Jian
Xom
Yredelemnul
Zin
The Shining One

Shops:
D:3 (

Annotations:
D:4 3 runed translucent doors, qw's ghost, amateur SpHu
D:5 2 transporters, qw's ghost, novice DEHu


Message History

You shoot a bolt.
The bolt completely misses the gnoll sergeant.
A gnoll comes into view.
It is wielding a +0 spear and quivering a throwing net.
A gnoll comes into view. It is wielding a +0 spear.
The gnoll sergeant hits you from afar with a +3 antimagic trident!
You feel your power leaking away.
Enter note:
Enter note:
Enter note:
Enter note: You shoot a bolt.
The bolt hits the gnoll sergeant.
The gnoll sergeant is heavily wounded.
The gnoll sergeant misses you.
The gnoll sergeant completely misses you.
You shoot a bolt.
The bolt hits the gnoll sergeant but does no damage.
The gnoll sergeant is heavily wounded.
The gnoll sergeant completely misses you.
You shoot a bolt. The bolt hits the gnoll sergeant!
The gnoll sergeant is severely wounded.
The gnoll sergeant misses you.
You shoot a bolt. The bolt barely misses the gnoll.
The gnoll sergeant hits you from afar with a +3 antimagic trident!
You feel your power leaking away. The gnoll sergeant barely misses you.
The gnoll closely misses you.
The gnoll hits you from afar with a +0 spear!
You shoot a bolt. The bolt hits the gnoll.
The gnoll is heavily wounded.
The gnoll closely misses you.
The gnoll sergeant completely misses you.
The gnoll hits you with a +0 flail!
You shoot a bolt. The bolt hits the gnoll.
The gnoll is heavily wounded.
The gnoll completely misses you. The gnoll sergeant misses you.
The gnoll completely misses you.
You shoot a bolt. The bolt hits the gnoll!
You kill the gnoll!
Okawaru accepts your kill.
The gnoll hits you from afar with a +0 spear.
You die...

...# .... .... ....# ....
...... )). ...... ..
....### ###g ...... .gg###
....### ###.).# ......#
#...@.####
).....###~###.....##.#####
..##.....................##
.####.......##............#
.###......................#
.)......##.#.............##
.##........##...........##
........#.............###
.#.....###.)..........#


You could see a gnoll sergeant and 2 gnolls.

Vanquished Creatures
  Grinder (D:3)
  5 yaks (D:8)
  A steam dragon (D:6)
  A water moccasin (D:7)
  An ice beast (D:6)
  2 orc warriors
  2 sky beasts
  A black bear (D:7)
  2 centaurs
  An ogre (D:6)
  A phantom (D:4)
  3 kobold brigands
  5 bullfrogs
  5 scorpions
  5 killer bees (D:7)
  A howler monkey (D:4)
  A bombardier beetle (D:5)
  A hound (D:5)
  3 jellies
  An orc priest (D:5)
  A gnoll bouda (D:8)
  An iguana (D:6)
  Natasha (thrice) (D:3)
  4 orc wizards
  17 gnolls
  10 adders
  2 white imps
  A shadow imp (D:6)
  3 dart slugs
  2 ribbon worms
  41 orcs
  8 bats
  10 endoplasms
  2 giant cockroaches (D:4)
  8 goblins
  6 hobgoblins
  4 quokkas
  10 ball pythons
  2 frilled lizards (D:2)
  40 kobolds
  8 rats
226 creatures vanquished.

Notes
Turn   | Place    | Note
-------+----------+-------------------------------------------
     0 | D:1      | qw the Spriggan Hunter began the quest for the Orb.
     0 | D:1      | Reached XP level 1. HP: 10/10 MP: 2/2
     0 | D:1      | 0 ||| qw: Version: 0.3-a-155-g5e7d8dd
     0 | D:1      | 0 ||| qw: Game counter: 2590
     0 | D:1      | 0 ||| qw: Melee chars always use a shield: true
     0 | D:1      | 0 ||| qw: God list: Okawaru
     0 | D:1      | 0 ||| qw: Allow faded altars: false
     0 | D:1      | 0 ||| qw: Do Orc after clearing Dungeon:15 true
     0 | D:1      | 0 ||| qw: Do second Lair branch before Depths: true
     0 | D:1      | 0 ||| qw: Lair rune preference: random
     0 | D:1      | 0 ||| qw: Goals: Normal
     0 | D:1      | 0 ||| PLANNING D:1-11
    20 | D:1      | Reached skill level 3 in Dodging
   145 | D:1      | Reached XP level 2. HP: 14/14 MP: 3/3
   253 | D:1      | Reached skill level 4 in Dodging
   445 | D:1      | Reached XP level 3. HP: 18/18 MP: 4/4
   645 | D:1      | 645 ||| READING scroll labelled XERIBU SIUDWY.
   646 | D:1      | 646 ||| READING scroll labelled KAEMOCWISETH.
   646 | D:1      | 646 ||| BRANDING +0 shortbow.
   647 | D:1      | 647 ||| READING scroll labelled TEMEKHOLOI.
   647 | D:1      | 647 ||| IDENTIFYING scroll labelled YNYOVA WAIR
   648 | D:1      | 648 ||| DROPPING scroll of butterflies.
   649 | D:1      | 649 ||| DROPPING scroll of fog.
  1113 | D:2      | Reached XP level 4. HP: 22/22 MP: 5/5
  1275 | D:2      | 1275 ||| UPGRADING to ring of protection from cold.
  1276 | D:2      | 1276 ||| READING 3 scrolls of identify.
  1276 | D:2      | 1276 ||| IDENTIFYING coppery potion
  1277 | D:2      | 1277 ||| READING 2 scrolls of identify.
  1277 | D:2      | 1277 ||| IDENTIFYING bubbling ruby potion
  1278 | D:2      | 1278 ||| READING scroll of identify.
  1278 | D:2      | 1278 ||| IDENTIFYING scroll labelled HEWUIN HUROA
  1279 | D:2      | 1279 ||| READING 2 scrolls labelled IMOXZIOLLI.
  1380 | D:2      | 1380 ||| READING scroll labelled FEXIMM LACO.
  1381 | D:2      | 1381 ||| DROPPING scroll of poison.
  1382 | D:2      | 1382 ||| DROPPING scroll of vulnerability.
  1401 | D:3      | 1401 ||| STAIRDANCE
  1406 | D:3      | 1406 ||| STAIRDANCE
  1447 | D:3      | Noticed Natasha
  1452 | D:3      | Killed Natasha
  1453 | D:3      | Reached skill level 5 in Dodging
  1512 | D:3      | Noticed Natasha
  1515 | D:3      | Killed Natasha
  1534 | D:3      | Noticed Natasha
  1544 | D:3      | Killed Natasha
  1545 | D:3      | Reached XP level 5. HP: 7/26 MP: 6/6
  1545 | D:3      | 1545 ||| FLEEEEING.
  1546 | D:3      | 1546 ||| FLEEEEING.
  1547 | D:3      | 1547 ||| FLEEEEING.
  1548 | D:3      | 1548 ||| FLEEEEING.
  1549 | D:3      | 1549 ||| FLEEEEING.
  1550 | D:3      | 1550 ||| FLEEEEING.
  1551 | D:3      | 1551 ||| FLEEEEING.
  1555 | D:3      | 1555 ||| FLEEEEING.
  1556 | D:3      | 1556 ||| FLEEEEING.
  1557 | D:3      | 1557 ||| FLEEEEING.
  1785 | D:3      | Found a white marble altar of Elyvilon.
  1785 | D:3      | Found a sacrificial altar of Ru.
  1796 | D:3      | Found Posuox's Weapon Emporium.
  1853 | D:3      | Noticed Grinder
  1863 | D:3      | Killed Grinder
  1864 | D:3      | Reached skill level 6 in Ranged Weapons
  1864 | D:3      | Reached XP level 6. HP: 30/30 MP: 7/7
  2077 | D:3      | 2077 ||| DRINKING 2 dark potions.
  2105 | D:4      | Noticed a sky beast
  2114 | D:4      | Killed a sky beast
  2115 | D:4      | Reached skill level 6 in Dodging
  2240 | D:4      | Reached XP level 7. HP: 35/35 MP: 8/8
  2273 | D:4      | Reached skill level 7 in Dodging
  2467 | D:4      | Found a shadowy altar of Dithmenos.
  2526 | D:4      | Found a runed translucent gate.
  2526 | D:4      | Identified the +0 chain mail of the Iron City of Dis {Fly
                  | Int-2 Stlth+}
  2527 | D:4      | Found a runed translucent gate.
  2527 | D:4      | Identified the +4 plate armour "Bim Riwuvu" {Rampage Int+2}
  2528 | D:4      | Found a runed translucent gate.
  2530 | D:4      | Noticed qw's ghost (amateur SpHu)
  2649 | D:4      | 2649 ||| UPGRADING to +6 ring of strength.
  2650 | D:4      | 2650 ||| READING 2 scrolls of identify.
  2650 | D:4      | 2650 ||| IDENTIFYING fuming clear potion
  2651 | D:4      | 2651 ||| READING scroll of identify.
  2651 | D:4      | 2651 ||| IDENTIFYING sapphire potion
  2652 | D:4      | 2652 ||| DROPPING potion of degeneration.
  2653 | D:4      | 2653 ||| DROPPING potion of attraction.
  2715 | D:5      | Entered Level 5 of the Dungeon
  2812 | D:5      | Found a staircase to the Ecumenical Temple.
  2813 | D:5      | 2813 ||| PLANNING TEMPLE
  2818 | Temple   | Found a transporter.
  2818 | Temple   | Found a transporter.
  2818 | Temple   | Found a transporter.
  2818 | Temple   | Found a transporter.
  2818 | Temple   | Entered the Ecumenical Temple
  2819 | Temple   | 2819 ||| PLANNING D:1-11
  3103 | D:5      | Reached skill level 8 in Dodging
  3103 | D:5      | Reached XP level 8. HP: 31/39 MP: 9/9
  3381 | D:5      | Reached skill level 3 in Fighting
  3651 | D:5      | Found a shimmering blue altar of Sif Muna.
  3658 | D:5      | Found a radiant altar of Vehumet.
  3680 | D:5      | Found a hide-covered altar of Uskayaw.
  3739 | D:5      | Found a transporter.
  3739 | D:5      | Noticed qw's ghost (novice DEHu)
  3740 | D:5      | Found a transporter.
  4150 | D:6      | 4150 ||| Stepping ~*~*~tactically~*~*~ (cloud).
  4175 | D:6      | Reached skill level 9 in Ranged Weapons
  4219 | D:6      | Found an iron altar of Okawaru.
  4220 | D:6      | 4220 ||| PLANNING OKAWARU WORSHIP
  4227 | D:6      | 4227 ||| FLEEEEING.
  4228 | D:6      | 4228 ||| FLEEEEING.
  4229 | D:6      | 4229 ||| FLEEEEING.
  4230 | D:6      | 4230 ||| FLEEEEING.
  4231 | D:6      | 4231 ||| FLEEEEING.
  4232 | D:6      | 4232 ||| FLEEEEING.
  4233 | D:6      | 4233 ||| FLEEEEING.
  4235 | D:6      | 4235 ||| FLEEEEING.
  4236 | D:6      | 4236 ||| FLEEEEING.
  4238 | D:6      | 4238 ||| FLEEEEING.
  4239 | D:6      | 4239 ||| FLEEEEING.
  4240 | D:6      | 4240 ||| FLEEEEING.
  4242 | D:6      | 4242 ||| FLEEEEING.
  4243 | D:6      | 4243 ||| FLEEEEING.
  4244 | D:6      | 4244 ||| FLEEEEING.
  4246 | D:6      | 4246 ||| STAIRDANCE
  4263 | D:6      | Reached skill level 9 in Dodging
  4278 | D:6      | Became a worshipper of Warmaster Okawaru
  4279 | D:6      | 4279 ||| PLANNING D:1-11
  4340 | D:6      | 4340 ||| FLEEEEING.
  4341 | D:6      | 4341 ||| FLEEEEING.
  4342 | D:6      | 4342 ||| FLEEEEING.
  4343 | D:6      | 4343 ||| FLEEEEING.
  4344 | D:6      | 4344 ||| FLEEEEING.
  4345 | D:6      | 4345 ||| FLEEEEING.
  4346 | D:6      | 4346 ||| FLEEEEING.
  4347 | D:6      | 4347 ||| FLEEEEING.
  4348 | D:6      | 4348 ||| FLEEEEING.
  4349 | D:6      | 4349 ||| FLEEEEING.
  4350 | D:6      | 4350 ||| FLEEEEING.
  4353 | D:6      | 4353 ||| FLEEEEING.
  4354 | D:6      | 4354 ||| FLEEEEING.
  4355 | D:6      | 4355 ||| FLEEEEING.
  4356 | D:6      | 4356 ||| FLEEEEING.
  4674 | D:6      | 4674 ||| READING scroll labelled BEAZAT XOAPA.
  4675 | D:6      | 4675 ||| READING scroll labelled ZELYIT QOTHRO.
  4778 | D:7      | 4778 ||| READING scroll of brand weapon.
  4778 | D:7      | 4778 ||| BRANDING +0 shortbow of electrocution.
  4817 | D:7      | Reached XP level 9. HP: 44/44 MP: 10/10
  4863 | D:7      | Found an opulent altar of Gozag.
  4871 | D:7      | 4871 ||| DRINKING potion of haste.
  4916 | D:7      | Reached skill level 10 in Dodging
  4994 | D:7      | Found a bloodstained altar of Trog.
  5112 | D:7      | Reached * piety under Okawaru
  5355 | D:7      | 5355 ||| SWAPPING to +0 orcbow.
  5356 | D:7      | 5356 ||| DROPPING +0 shortbow of chaos.
  5357 | D:7      | 5357 ||| READING scroll of identify.
  5357 | D:7      | 5357 ||| IDENTIFYING emerald potion
  5358 | D:7      | 5358 ||| READING scroll labelled WAEHASMUEM.
  5361 | D:7      | 5361 ||| READING scroll labelled TIWNOV ZATAFAX.
  5361 | D:7      | 5361 ||| ENCHANTING +0 orcbow.
  5362 | D:7      | 5362 ||| DROPPING potion of brilliance.
  5363 | D:7      | 5363 ||| DROPPING wand of flame (13).
  5383 | D:8      | Reached skill level 1 in Invocations
  5383 | D:8      | 5383 ||| STAIRDANCE
  5393 | D:8      | 5393 ||| STAIRDANCE
  5395 | D:7      | 5395 ||| RETREEEEATING.
  5396 | D:7      | 5396 ||| RETREEEEATING.
  5397 | D:7      | 5397 ||| RETREEEEATING.
  5398 | D:7      | 5398 ||| RETREEEEATING.
  5399 | D:7      | 5399 ||| RETREEEEATING.
  5400 | D:7      | 5400 ||| RETREEEEATING.
  5401 | D:7      | 5401 ||| RETREEEEATING.
  5402 | D:7      | 5402 ||| RETREEEEATING.
  5403 | D:7      | 5403 ||| RETREEEEATING.
  5511 | D:8      | 5511 ||| STAIRDANCE
  5598 | D:8      | 5598 ||| STAIRDANCE
  5706 | D:8      | Reached skill level 11 in Dodging
  5706 | D:8      | Reached skill level 3 in Invocations
  5743 | D:8      | 5743 ||| RETREEEEATING.
  5745 | D:8      | 5745 ||| RETREEEEATING.
  5746 | D:8      | 5746 ||| RETREEEEATING.
  5748 | D:8      | 5748 ||| RETREEEEATING.
  5749 | D:8      | 5749 ||| RETREEEEATING.
  5751 | D:8      | 5751 ||| RETREEEEATING.
  5752 | D:8      | 5752 ||| RETREEEEATING.
  5753 | D:8      | 5753 ||| RETREEEEATING.
  5755 | D:8      | 5755 ||| RETREEEEATING.
  5757 | D:8      | 5757 ||| RETREEEEATING.
  5760 | D:8      | 5760 ||| RETREEEEATING.
  5765 | D:8      | 5765 ||| RETREEEEATING.
  5766 | D:8      | 5766 ||| RETREEEEATING.
  5767 | D:8      | 5767 ||| RETREEEEATING.
  5768 | D:8      | 5768 ||| RETREEEEATING.
  5769 | D:8      | 5769 ||| RETREEEEATING.
  5770 | D:8      | 5770 ||| RETREEEEATING.
  5781 | D:8      | Reached ** piety under Okawaru
  5840 | D:8      | 5840 ||| SWAPPING to +0 arbalest.
  5841 | D:8      | 5841 ||| DROPPING +1 orcbow.
  5846 | D:8      | Reached XP level 10. HP: 49/49 MP: 14/14
  5895 | D:8      | HP: 12/49 [gnoll/+0 spear[a gnoll sergeant] (10)]
  5896 | D:8      | HP: 4/49 [gnoll/+0 flail[a gnoll sergeant] (8)]
  5898 | D:8      | Slain by a gnoll

Levels and vault maps discovered:
D:1:      minmay_arrival_glassed_features, layout_loops_ring, dk_noncrumbling_3
D:2:      layout_basic
D:3:      layout_rooms, gammafunk_temple_overflow_elements, serial_shops,
          nicolae_shop_scrapyard, serial_park_tiny_1, uniq_grinder, uniq_natasha
D:4:      layout_rooms, grunt_dithmenos_smoke, biasface_ghost_orc_armoury,
          dk_rats_in_the_wall
D:5:      minmay_goblin_kobold_castle, layout_basic, kennysheep_little_box,
          mainiacjoe_overflow_catwalk_spiral,
          minmay_temple_entry_gardened_gates, gammafunk_ghost_hive
D:6:      layout_basic, mainiacjoe_overflow_small_starburst, serial_rivers,
          chequers_serial_rivers_large_a, chequers_serial_rivers_room_a,
          chequers_serial_rivers_marsh, chequers_serial_rivers_micro_b,
          chequers_serial_rivers_micro_b
D:7:      layout_rooms, overflow_temple_1_default, lemuel_crystal_altar
D:8:      layout_cave_pools, st_stairs_9, minivault_1, grunt_decor_cap
Temple:   hellmonk_temple_divided_pantheon

Skill      XL: |  1  2  3  4  5  6  7  8  9 |
---------------+----------------------------+-----
Dodging        | 3 4 5 6 8 9 11 | 11.0
Ranged Weapons | 5 6 7 8 10 | 10.8
Fighting       | 2 3 4 |  4.0
Invocations    | 4 |  4.3
Stealth        | |  1.5

Action                     |  1- 3 |  4- 6 |  7- 9 | 10-12 || total
---------------------------+-------+-------+-------+-------++-------
   Fire: Shortbow          |    70 |   110 |   368 |       ||   548
         Orcbow            |       |       |   111 |       ||   111
         Arbalest          |       |       |     1 |    18 ||    19
    Use: Scroll            |     3 |     5 |     8 |       ||    16
         Potion            |       |     1 |     1 |       ||     2
 Armour: Robe              |     5 |    10 |    57 |     6 ||    78
  Dodge: Dodged            |     5 |    34 |   265 |    12 ||   316

Table legend:
 A = Non-vault XP
 B = Vault XP
 C = Vault XP percentage of total XP
 D = Non-vault monster count
 E = Vault monster count
 F = Vault count percentage of total count
                 A         B        C        D         E       F
            +---------+---------+-------+---------+---------+-------
      Total |    4903 |     719 |  12.8 |     175 |      50 |  22.2
            +---------+---------+-------+---------+---------+-------
        D:1 |      45 |       0 |   0.0 |      25 |       0 |   0.0
        D:2 |      65 |       0 |   0.0 |      21 |       0 |   0.0
        D:3 |     124 |     321 |  72.1 |      21 |       2 |   8.7
        D:4 |     498 |       0 |   0.0 |      24 |       0 |   0.0
        D:5 |     480 |     302 |  38.6 |      22 |      46 |  67.6
        D:6 |     871 |       0 |   0.0 |      17 |       0 |   0.0
        D:7 |    1301 |       0 |   0.0 |      26 |       0 |   0.0
        D:8 |    1519 |      96 |   5.9 |      19 |       2 |   9.5
            +---------+---------+-------+---------+---------+-------
